 Dungeon Crawl Stone Soup version 0.30.1-4-g462c640d31 (webtiles) character file.

Game seed: 848352961100991558

400490 LordWeiramon the Cloud Mage (level 23, -29/144 HPs)
             Began as a Tengu Necromancer on Sept 14, 2023.
             Was the Champion of Vehumet.
             Killed from afar by Jory (98 damage)
             ... with a crystal spear
             ... on level 1 of the Crypt.
             The game lasted 07:01:19 (70647 turns).

LordWeiramon the Cloud Mage (Tengu Necromancer)    Turns: 70647, Time: 07:01:19

Health: -29/144    AC: 15    Str: 13    XL:     23   Next: 29%
Magic:  4/43       EV: 23    Int: 30    God:    Vehumet [******]
Gold:   1483       SH:  5    Dex: 16    Spells: 2/52 levels left

rFire   + . .        a - staff of fire "Tuidaraf" {Drain rF+ rC+ rN+}
rCold   + + .        k - +0 buckler
rNeg    + . .        o - +3 troll leather armour {Snorg}
rPois   +            N - +2 hat
rElec   +            J - +0 cloak
rCorr   .            w - +0 pair of gloves {Str+3}
SInv    +            (boots unavailable)
Will    +....        Y - amulet "Faafeur" {Acrobat SInv}
Stlth   +++          c - ring of Conflict {rElec rPois rC+ Stlth+}
HPRegen 1.24/turn    K - +6 ring of intelligence
MPRegen 0.28/turn

%: acrobat
@: flying quickly and evasively, quick
A: beak, talons 3, nimble flight
}: 2/15 runes: barnacled, gossamer
a: Renounce Religion


You were on level 1 of the Crypt.
You worshipped Vehumet.
Vehumet was exalted by your worship.
You visited 9 branches of the dungeon, and saw 39 of its levels.
You also visited: Ice Cave and Volcano.

You collected 5807 gold pieces.
You spent 4324 gold pieces at shops.

Inventory:

Missiles
 r - 6 throwing nets (quivered)
Armour
 k - a +0 buckler (worn)
 o - a +3 troll leather armour (worn) {Snorg}
 w - a +0 pair of gloves of strength (worn)
 D - the +4 Cigotuvi's embrace {Corpsefed rMiasma Drain rN+}
   (You bought it in a shop on level 2 of the Elven Halls)

   Corpsefed: It gathers nearby corpses to temporarily increase the armour it
   provides.
   rMiasma:   It protects you from foul pestilence.
   rN:        It protects you from negative energy.
   Drain:     It drains your maximum health when unequipped.
 J - a +0 cloak (worn)
 N - a +2 hat (worn)
 Z - a +1 kite shield of poison resistance
Magical Staves
 a - the staff of fire "Tuidaraf" (weapon) {Drain rF+ rC+ rN+}
   (You found it on level 3 of the Elven Halls)

   [staff of fire]

   Base accuracy: +5 Base damage: 5 Base attack delay: 1.2 This weapon's minimum
   attack delay (0.6) is reached at skill level 12.
   rF:        It protects you from fire.
   rC:        It protects you from cold.
   rN:        It protects you from negative energy.
   Drain:     It drains your maximum health when unequipped.
   It falls into the 'Staves' category.
   It is a one-handed weapon.
 b - the staff of air "Lucumoesch" {rElec rN+}
   (You found it on level 3 of the Elven Halls)

   [staff of air]

   Base accuracy: +5 Base damage: 5 Base attack delay: 1.2 This weapon's minimum
   attack delay (0.6) is reached at skill level 12.
   rElec:     It insulates you from electricity.
   rN:        It protects you from negative energy.
   It falls into the 'Staves' category.
   It is a one-handed weapon.
Jewellery
 c - the ring of Conflict (left hand) {rElec rPois rC+ Stlth+}
   (You found it on level 5 of the Lair of Beasts)

   [ring of poison resistance]

   rC:        It protects you from cold.
   rElec:     It insulates you from electricity.
   rPois:     It protects you from poison.
   Stlth:     It makes you more stealthy.
 f - a ring of protection from cold
 x - a ring of resist corrosion
 y - the ring "Ceoselue" {MP+9 Str+4 Slay+2}
   (You found it on level 4 of the Lair of Beasts)

   [ring of magical power]

   Str:       It affects your strength (+4).
   Slay:      It affects your accuracy & damage with ranged weapons and melee
   (+2).
   MP:        It affects your magic capacity (+9).
 A - the ring "Xieroc" {Fire Str+3 Stlth+}
   (You took it off a wizard on level 4 of the Vaults)

   [ring of fire]

   It enhances your fire magic.
   Str:       It affects your strength (+3).
   rF:        It protects you from fire.
   rC:        It makes you vulnerable to cold.
   Stlth:     It makes you more stealthy.
 K - a +6 ring of intelligence (right hand)
 W - the dreamshard necklace {*Dream Drain}
   (You found it on level 15 of the Dungeon)

   [amulet of nothing]

   *Dream:    It shatters if its wearer takes lethal or near-lethal damage,
   preventing the blow and releasing protective dreams that heal and fight for
   the wearer.
   Drain:     It drains your maximum health when unequipped.
 Y - the amulet "Faafeur" (around neck) {Acrobat SInv}
   (You found it on level 4 of the Lair of Beasts)

   [amulet of the acrobat]

   It increases your evasion while moving and waiting.
   SInv:      It lets you see invisible.
Wands
 d - a wand of digging (11)
 h - a wand of charming (10)
 i - a wand of flame (20)
 m - a wand of acid (8)
 H - a wand of iceblast (9)
 P - a wand of polymorph (27)
 X - a wand of mindburst (15)
Scrolls
 n - 9 scrolls of amnesia
 p - 8 scrolls of fog
 q - 7 scrolls of blinking
 s - 8 scrolls of poison
 B - 10 scrolls of immolation
 F - 4 scrolls of silence
 G - 14 scrolls of teleportation
 L - 4 scrolls of enchant armour
 R - 2 scrolls of summoning
 S - 2 scrolls of fear
 V - 4 scrolls of magic mapping
Potions
 e - 17 potions of curing
 g - 5 potions of resistance
 j - 6 potions of brilliance
 l - 23 potions of heal wounds
 t - 30 potions of ambrosia
 u - 4 potions of magic
 v - 6 potions of cancellation
 I - 9 potions of haste
 O - 5 potions of invisibility
 Q - 12 potions of mutation
 U - 5 potions of might
Miscellaneous
 z - a phial of floods
 C - a condenser vane
 T - a lightning rod (4/4)


   Skills:
 - Level 15.0 Fighting
 - Level 3.8 Short Blades
 - Level 5.2 Staves
 - Level 15.0 Armour
 - Level 15.0 Dodging
 - Level 2.0 Stealth
 - Level 3.7 Shields
 - Level 15.0 Spellcasting
 - Level 23.0 Conjurations
 - Level 4.3 Necromancy
 - Level 13.0 Fire Magic
 - Level 4.0 Ice Magic
 + Level 24.9 Air Magic
 - Level 2.5 Evocations


You had 2 spell levels left.
You knew the following spells:

 Your Spells              Type           Power      Damage    Failure   Level
a - Maxwell's Capacitive  Air            53%        ∞         1%          8
b - Chain Lightning       Conj/Air       52%        3d70      4%          9
c - Starburst             Conj/Fire      57%        6d15      1%          6
d - Blink                 Tloc           44%        N/A       4%          2
f - Fireball              Conj/Fire      57%        3d22      1%          5
g - Apportation           Tloc           44%        N/A       3%          1
h - Plasma Beam           Fire/Air       58%        2x1d81    1%          6
i - Conjure Ball Lightni  Conj/Air       52%        3x3d18    1%          6
o - Orb of Destruction    Conj           51%        9d13      1%          7

Your spell library contained the following spells:

 Spells                   Type           Power      Damage    Failure   Level
 Shatter                  Erth           11%        3d12*     100%        9
 Kiss of Death            Conj/Necr      100%       2d13      0%          1
 Magic Dart               Conj           100%       1d8       0%          1
 Scorch                   Fire           100%       2d9       0%          2
 Necrotise                Necr           100%       1d9       1%          1
 Sandblast                Erth           44%        2d11      1%          1
 Momentum Strike          Conj/Tloc      100%       3d10      1%          2
 Poisonous Vapours        Pois/Air       100%       N/A       1%          2
 Sublimation of Blood     Necr           48%        N/A       1%          2
 Summon Small Mammal      Summ           88%        N/A       3%          1
 Lesser Beckoning         Tloc           44%        N/A       4%          2
 Passwall                 Tmut/Erth      18%        N/A       4%          2
 Mephitic Cloud           Conj/Pois/Air  87%        N/A       0%          3
 Flame Wave               Conj/Fire      100%       2d21      0%          4
 Sticky Flame             Conj/Fire      100%       2d11      0%          4
 Iskenderun's Battlesphe  Conj           100%       2d15      0%          5
 Hailstorm                Conj/Ice       81%        3d16      1%          3
 Ozocubu's Armour         Ice            46%        N/A       1%          3
 Stone Arrow              Conj/Erth      100%       3d13      1%          3
 Vampiric Draining        Necr           48%        2d9       1%          3
 Iskenderun's Mystic Bla  Conj/Tloc      75%        2d15      1%          4
 Freezing Cloud           Conj/Ice/Air   45%        6-21      1%          5
 Irradiate                Conj/Tmut      37%        3d24      1%          5
 Iron Shot                Conj/Erth      37%        9d7       1%          6
 Animate Dead             Necr           48%        N/A       5%          4
 Spellforged Servitor     Conj/Summ      37%        N/A       7%          7
 Olgreb's Toxic Radiance  Pois           22%        N/A       9%          4
 Call Canine Familiar     Summ           22%        N/A       10%         3
 Gell's Gravitas          Tloc           22%        N/A       10%         3
 Portal Projectile        Hex/Tloc       44%        N/A       10%         3
 Summon Guardian Golem    Hex/Summ       22%        N/A       10%         3
 Teleport Other           Tloc           22%        N/A       10%         3
 Ice Form                 Ice/Tmut       34%        N/A       14%         4
 Summon Ice Beast         Ice/Summ       34%        N/A       14%         4
 Agony                    Necr           48%        N/A       16%         5
 Ignition                 Fire           50%        3d14      26%         8
 Animate Armour           Summ/Erth      44%        N/A       32%         4
 Leda's Liquefaction      Hex/Erth       11%        N/A       32%         4
 Petrify                  Tmut/Erth      22%        N/A       32%         4
 Borgnjor's Vile Clutch   Necr/Erth      17%        N/A       36%         5
 Metabolic Englaciation   Hex/Ice        17%        N/A       36%         5
 Alistair's Intoxication  Tmut/Pois      14%        N/A       65%         5
 Blade Hands              Tmut           11%        N/A       65%         5
 Simulacrum               Ice/Necr       23%        N/A       65%         6
 Eringya's Noxious Bog    Tmut/Pois      11%        N/A       73%         6
 Ozocubu's Refrigeration  Ice            23%        4d12      75%         7
 Summon Cactus Giant      Summ           11%        N/A       99%         6
 Discord                  Hex            11%        N/A       100%        8
 Polar Vortex             Ice            23%        N/A       100%        9


Dungeon Overview and Level Annotations

Branches:
Dungeon (15/15)            Temple (1/1) D:5            Lair (5/5) D:10
 Shoals (4/4) Lair:2       Spider (4/4) Lair:3        Slime (0/5) Lair:4
    Orc (2/2) D:12            Elf (3/3) Orc:2        Vaults (4/5) D:14
  Crypt (1/3) Vaults:3     Depths (0/4) D:15          IceCv (visited)
Volcano (visited)

Altars:
Ashenzari
Cheibriados
Dithmenos
Fedhas
Gozag
Hepliaklqana
Kikubaaqudgha
Makhleb
Nemelex Xobeh
Okawaru
Qazlal
Ru
Sif Muna
Trog
Uskayaw
Vehumet
Wu Jian
Xom
Yredelemnul
The Shining One
Jiyva

Shops:
D:11 [   Orc:2 :(:*   Elf:1 !   Elf:2 *:[   Shoals:1 !   Shoals:2 :
Vaults:2 !   Vaults:3 (   Vaults:4 !

Portals:
Hell: Lair:5
Trove: D:14 (give 15 potions of curing)

Annotations:
Lair:4 dig
Crypt:1 Jory


Innate Abilities, Weirdness & Mutations

You have a beak for a mouth.
You have claws for feet.
Your magical nature lets you fly swiftly and evasively.


Message History

Unknown command.
Casting: Plasma Beam (safe; 1% risk of failure)
Confirm with . or Enter, or press ? or * to list all spells.
Casting: Plasma Beam (safe; 1% risk of failure)
Press: ? - help, Dir - look around, f - activate You feel a surge of power!
The bolt of lightning hits Jory!!
Jory is heavily damaged.
The fiery plasma hits Jory!
Jory is heavily damaged.
Unknown command.
Casting: Plasma Beam (safe; 1% risk of failure)
Confirm with . or Enter, or press ? or * to list all spells.
Casting: Plasma Beam (safe; 1% risk of failure)
Press: ? - help, Dir - look around, f - activate You feel a surge of power!
The bolt of lightning hits Jory!!!
Jory is severely damaged.
The fiery plasma misses Jory.
Jory points at you and mumbles some strange words.
The crystal spear hits you!!!!
Ouch! That really hurt!
Casting: Plasma Beam (safe; 1% risk of failure)
Confirm with . or Enter, or press ? or * to list all spells.
Casting: Plasma Beam (safe; 1% risk of failure)
Press: ? - help, Dir - look around, f - activate You feel a surge of power!
The bolt of lightning hits Jory!
Jory is almost destroyed.
The fiery plasma hits Jory!!
Jory is almost destroyed.
You block Jory's attack.
Casting: Plasma Beam (safe; 1% risk of failure)
Confirm with . or Enter, or press ? or * to list all spells.
Casting: Plasma Beam (safe; 1% risk of failure)
Press: ? - help, Dir - look around, f - activate You feel a surge of power!
The bolt of lightning misses Jory.
The fiery plasma hits Jory.
Jory is almost destroyed.
Jory casts a spell at you. The crystal spear hits you!!!!
Ouch! That really hurt!
You die...

.........#
#...# #..##
#..# #..#
#####..#
###......#
##...)V...##
#...@....#.#
#'''######.##
#...# ##.#
##^.^## #.##
###8...8###
##.#
#8..^...^8#
#.##
##.^......^##
#..#
#8..⌠...⌠..8#
#..#
#^..........#
##..#


You could see Jory.

Vanquished Creatures
  Mara (Shoals:4)
  Frederick (Vaults:2)
  Jorgrun (Spider:3)
  Mlioglotl (Spider:4)
  2 deep elf master archers (Elf:3)
  Asterion (Spider:3)
  3 deep elf blademasters
  A titan (Vaults:4)
  Kirke (Shoals:1)
  The ghost of Cedruin the Warrior, an adept DrAr of Okawaru (Shoals:2)
  Gastronok (Lair:1)
  4 sphinxes
  Donald (Vaults:1)
  A storm dragon (Shoals:4)
  A shadow dragon (Vaults:4)
  The ghost of Domipeul the Severer, a journeyman MiBe of Trog (Spider:4)
  A deep elf sorcerer (Elf:3)
  A fire giant (Vaults:3)
  7 emperor scorpions
  6 ghost moths
  21 vault wardens
  The ghost of RussellQuine the Impaler, a journeyman MiBe of Trog (Lair:5)
  7 orc warlords
  5 deep elf elementalists (Elf:3)
  3 broodmothers
  A stone giant (Vaults:4)
  7 very ugly things
  The ghost of riellis1 the Bringer of Law, a journeyman FoFi of Zin (Lair:5)
  25 ironbound preservers
  2 war gargoyles
  5 ironbound thunderhulks
  7 deep elf demonologists
  14 dire elephants
  7 deep elf annihilators
  A spark wasp (Spider:1)
  An eidolon (Crypt:1)
  A crystal guardian (Vaults:4)
  Snorg (D:14)
  An ettin (D:13)
  The ghost of Pegitz the Bludgeoner, a journeyman GrBe of Trog (Lair:3)
  4 deep elf death magi (Elf:3)
  2 deep elf high priests (Elf:3)
  6 entropy weavers
  4 merfolk impalers
  3 merfolk javelineers (Shoals:4)
  15 yaktaur captains
  3 jiangshi (Crypt:1)
  5 great orbs of eyes
  5 peacekeepers (Vaults:4)
  A hell beast (Lair:5)
  Erolcha (D:11)
  11 hydras
  An ogre mage (Vaults:3)
  10 vault guards
  19 centaur warriors
  9 two-headed ogres
  10 ironbound frosthearts
  2 radroaches
  28 dancing weapons
  7 merfolk aquamancers (Shoals:4)
  A death knight (Crypt:1)
  3 satyrs
  4 tengu warriors
  3 boulder beetles
  4 death yaks (Lair:4)
  A deep troll earth mage (D:13)
  Urug (D:10)
  7 orc high priests
  14 deep elf knights
  4 pharaoh ants (Spider:4)
  A fire crab (Volcano)
  5 skysharks
  11 skeletal warriors
  A sun moth (Spider:4)
  7 sea snakes
  A flayed ghost (Crypt:1)
  11 deep elf archers
  A glowing orange brain (shapeshifter) (D:15)
  3 glowing orange brains
  9 lindwurms
  5 orb spiders
  41 deep trolls
  16 ironbound convokers
  8 steelbarb worms
  29 harpies
  11 wizards
  23 deep elf zephyrmancers
  17 orc knights
  29 deep elf pyromancers
  2 necromancers
  10 fauns
  21 wolf spiders
  12 cyclopes
  12 manticores
  6 orc sorcerers
  4 oklob plants (Lair:4)
  A frost giant zombie (Vaults:3)
  29 ugly things
  15 elephants
  4 moths of wrath
  A spectral alligator snapping turtle (Shoals:2)
  4 merfolk sirens
  9 black mambas
  18 vault sentinels
  3 ice statues (IceCv)
  An orange demon (Lair:5)
  5 demonic crawlers
  A smoke demon (Lair:5)
  6 torpor snails
  2 centaur zombies (D:15)
  11 water nymphs
  A centaur skeleton (D:15)
  3 gargoyles (D:13)
  16 cane toads
  Maggie (Lair:1)
  Psyche (D:9)
  15 komodo dragons
  2 unseen horrors
  2 freezing wraiths
  46 yaktaurs
  7 rime drakes
  2 anaconda simulacra (IceCv)
  3 spectral merfolk (Shoals:2)
  3 ice devils (Lair:5)
  2 tengu conjurers
  18 merfolk
  6 meliai
  A yaktaur skeleton (Vaults:3)
  2 red devils (Lair:5)
  10 trolls
  9 hornets
  2 queen bees
  6 wind drakes
  A polar bear (shapeshifter) (Elf:2)
  25 tarantellas
  4 dream sheep (Shoals:3)
  7 snapping turtles
  19 blink frogs
  A great orb of eyes zombie (Crypt:1)
  2 spectral manticores (Shoals:2)
  31 culicivoras
  6 wraiths
  21 jumping spiders
  12 air elementals
  6 wyverns
  29 water elementals
  A vampire (D:10)
  25 slime creatures
  17 humans
  40 yaks
  5 hogs (Shoals:1)
  21 fire bats (Volcano)
  12 basilisks
  A black mamba skeleton (Crypt:1)
  2 steam dragons (D:8)
  A redback simulacrum (D:15)
  7 vampire mosquitoes
  7 fire elementals
  Edmund (D:5)
  2 harpy simulacra
  50 redbacks
  5 wargs
  21 water moccasins
  An acid dragon (D:13)
  Duvessa (D:6)
  5 hell hounds
  A spectral snapping turtle (Shoals:2)
  16 orc warriors
  A snapping turtle zombie (Crypt:1)
  An ice beast (D:5)
  A sky beast (D:7)
  8 ogres
  12 centaurs
  4 boggarts (Vaults:3)
  21 wolves
  2 phantoms
  8 kobold brigands
  16 bullfrogs
  3 gnoll sergeants
  8 scorpions
  3 earth elementals
  A wyvern zombie (Crypt:1)
  A cane toad simulacrum (IceCv)
  2 human skeletons (Vaults:3)
  3 wights (D:9)
  Dowan (D:6)
  2 merfolk simulacra (Shoals:2)
  3 elephant simulacra
  76 killer bees
  A snapping turtle simulacrum (Shoals:2)
  5 jellies
  7 electric eels
  12 howler monkeys
  5 lava snakes (Volcano)
  2 hounds (D:5)
  30 orc priests
  A cyclops simulacrum (Shoals:2)
  6 iguanas
  21 orc wizards
  A polar bear simulacrum (IceCv)
  7 gnolls
  14 adders
  A river rat (Lair:4)
  3 ufetubi
  2 worms
  4 dart slugs
  66 orcs
  6 bats
  9 endoplasms
  2 giant cockroaches (Lair:3)
  5 goblins
  4 hobgoblins
  3 jackals (D:2)
  28 kobolds
  2 quokkas (D:1)
  3 ball pythons
  5 frilled lizards
  3 rats
1742 creatures vanquished.

Vanquished Creatures (collateral kills)
  Arachne (Spider:3)
  A hydra (Lair:4)
  A dancing weapon (Elf:2)
  An orb spider (Spider:3)
  A deep elf pyromancer (Elf:2)
  A deep elf zephyrmancer (Elf:2)
  A polar bear simulacrum (IceCv)
  A ball python (D:1)
8 creatures vanquished.

Vanquished Creatures (others)
  A merfolk aquamancer (Shoals:4)
  A deep elf knight (Elf:1)
  A deep elf zephyrmancer (Elf:2)
  2 yaks
  A killer bee (Lair:4)
  72 ball lightnings
78 creatures vanquished.

Grand Total: 1828 creatures vanquished

Notes
Turn   | Place    | Note
-------+----------+-------------------------------------------
     0 | D:1      | LordWeiramon the Tengu Necromancer began the quest for the
                  | Orb.
     0 | D:1      | Reached XP level 1. HP: 10/10 MP: 4/4
    80 | D:1      | Reached skill level 1 in Fighting
   268 | D:1      | Reached XP level 2. HP: 16/17 MP: 6/6
  1041 | D:2      | Reached XP level 3. HP: 21/21 MP: 3/7
  1044 | D:2      | Found Zetemo's Magic Scroll Boutique.
  1084 | D:2      | Learned a level 3 spell: Hailstorm
  1088 | D:2      | Bought a scroll of identify for 20 gold pieces
  1156 | D:2      | Reached skill level 1 in Conjurations
  1330 | D:2      | Found a hide-covered altar of Uskayaw.
  1804 | D:2      | Bought a scroll of fear for 40 gold pieces
  2094 | D:3      | Found a glowing golden altar of the Shining One.
  2299 | D:3      | Reached XP level 4. HP: 26/26 MP: 8/8
  2670 | D:4      | Reached skill level 1 in Ice Magic
  3103 | D:4      | Noticed a scorpion
  3123 | D:4      | Killed a scorpion
  3124 | D:4      | Gained mutation: Your magical nature lets you fly swiftly
                  | and evasively. [Tengu growth]
  3124 | D:4      | Reached XP level 5. HP: 30/30 MP: 9/9
  3391 | D:4      | Reached skill level 5 in Conjurations
  3793 | D:5      | Entered Level 5 of the Dungeon
  3810 | D:5      | Reached XP level 6. HP: 35/35 MP: 7/10
  3851 | D:5      | Found a basalt altar of Yredelemnul.
  3951 | D:2      | Bought a scroll of blinking for 75 gold pieces
  4235 | D:5      | Reached XP level 7. HP: 40/40 MP: 3/11
  4754 | D:5      | Found a faded altar of an unknown god.
  4755 | D:5      | Found a faded altar of an unknown god.
  4755 | D:5      | Found a hazy altar of Hepliaklqana.
  5042 | D:5      | Found a staircase to the Ecumenical Temple.
  5053 | Temple   | Entered the Ecumenical Temple
  5093 | Temple   | Became a worshipper of Vehumet
  5306 | D:2      | Bought a scroll of enchant weapon for 75 gold pieces
  5503 | D:5      | Noticed Edmund
  5592 | D:5      | Found a shimmering blue altar of Sif Muna.
  5810 | D:6      | Noticed a wyvern
  5859 | D:6      | Reached XP level 8. HP: 35/44 MP: 12/15
  5892 | D:6      | Found a bloodstained altar of Trog.
  5901 | D:6      | Found an ancient bone altar of Kikubaaqudgha.
  6093 | D:6      | Found a sacrificial altar of Ru.
  6134 | D:6      | Noticed Duvessa
  6135 | D:6      | Noticed Dowan
  6482 | D:7      | Reached skill level 5 in Spellcasting
  6675 | D:7      | Reached skill level 1 in Short Blades
  6772 | D:7      | Learned a level 1 spell: Apportation
  6816 | D:7      | Found a hide-covered altar of Uskayaw.
  7113 | D:7      | Identified the +2 helmet "Ibumopnu" {Str-5 Dex+7 SInv}
  7370 | D:5      | Killed Edmund
  7474 | D:2      | Bought a scroll of silence for 95 gold pieces
  7957 | D:2      | Bought a scroll of immolation for 40 gold pieces
  8184 | D:7      | Found an iron altar of Okawaru.
  8189 | D:7      | Found a stormy altar of Qazlal.
  8195 | D:7      | Found an ornate altar of the Wu Jian Council.
  8415 | D:8      | Noticed a yak
  8415 | D:8      | Noticed a yak
  8415 | D:8      | Noticed a yak
  8435 | D:7      | Killed a yak
  8540 | D:8      | Noticed a wyvern
  8543 | D:8      | Killed a wyvern
  8544 | D:8      | Reached XP level 9. HP: 48/48 MP: 10/17
  8641 | D:8      | Reached skill level 5 in Dodging
  8649 | D:8      | Reached * piety under Vehumet
  8649 | D:8      | Offered knowledge of Foxfire by Vehumet.
  8972 | D:8      | Reached skill level 5 in Fighting
  9558 | D:6      | Killed Dowan
  9559 | D:6      | Reached skill level 10 in Conjurations
  9559 | D:6      | Killed Duvessa
  9840 | D:8      | Noticed a two-headed ogre
  9964 | D:8      | Noticed a hornet
  9966 | D:8      | Reached XP level 10. HP: 59/59 MP: 18/18
 10005 | D:8      | Found a shimmering altar of Xom.
 10037 | D:8      | Reached ** piety under Vehumet
 10037 | D:8      | Offered knowledge of Scorch by Vehumet.
 10239 | D:8      | Killed a two-headed ogre
 10625 | D:9      | Noticed a two-headed ogre
 10785 | D:9      | Found a shadowy altar of Dithmenos.
 10788 | D:9      | Noticed Psyche
 10858 | D:9      | Learned a level 2 spell: Scorch
 10897 | D:9      | Reached skill level 1 in Fire Magic
 11625 | D:9      | Killed Psyche
 11626 | D:9      | Reached skill level 5 in Fire Magic
 11664 | D:9      | Offered knowledge of Frozen Ramparts by Vehumet.
 12012 | D:9      | Killed a two-headed ogre
 12192 | D:2      | Bought a scroll of blinking for 75 gold pieces
 12346 | D:10     | Entered Level 10 of the Dungeon
 12355 | D:10     | Noticed Urug
 12383 | D:9      | Reached XP level 11. HP: 57/63 MP: 19/19
 12486 | D:10     | Found an opulent altar of Gozag.
 12508 | D:10     | Found a staircase to the Lair.
 12517 | D:10     | Found a blossoming altar of Fedhas.
 12668 | D:10     | Noticed a two-headed ogre
 12710 | D:10     | Killed a two-headed ogre
 12710 | D:10     | Reached *** piety under Vehumet
 12711 | D:10     | Reached skill level 10 in Dodging
 12826 | D:10     | Found a broken altar of Ashenzari.
 13144 | D:11     | Found Toman's Armour Boutique.
 13282 | D:11     | Offered knowledge of Ignite Poison by Vehumet.
 13484 | D:11     | Reached **** piety under Vehumet
 13646 | D:11     | Noticed a skeletal warrior
 13779 | Lair:1   | Entered Level 1 of the Lair of Beasts
 13945 | Lair:1   | Offered knowledge of Fireball by Vehumet.
 13965 | Lair:1   | Learned a level 5 spell: Fireball
 14263 | Lair:1   | Noticed a wolf spider
 14364 | Lair:1   | Noticed Maggie
 14371 | Lair:1   | Killed Maggie
 14372 | Lair:1   | Reached XP level 12. HP: 70/70 MP: 8/23
 14491 | Lair:1   | Reached skill level 1 in Armour
 14962 | Lair:1   | Noticed Gastronok
 15113 | Lair:1   | Reached skill level 10 in Fire Magic
 15476 | Lair:1   | Reached skill level 1 in Staves
 15494 | Lair:2   | Found a frozen archway.
 15508 | IceCv    | Entered an ice cave
 15516 | IceCv    | Reached ***** piety under Vehumet
 15669 | IceCv    | Offered knowledge of Arcjolt by Vehumet.
 15673 | IceCv    | Learned a level 2 spell: Blink
 16352 | IceCv    | Got the Book of Hypothermia
 16498 | Lair:2   | Reached skill level 5 in Armour
 16881 | Lair:2   | Reached XP level 13. HP: 74/74 MP: 19/26
 16955 | Lair:2   | Reached skill level 5 in Staves
 17322 | Lair:2   | Found a staircase to the Shoals.
 17441 | Lair:2   | Identified the +0 ring mail of Wu Jian {Harm rElec Will+++
                  | Str-4}
 18067 | Lair:3   | Found a runed translucent door.
 18067 | Lair:3   | Noticed Pegitz's ghost (journeyman GrBe)
 18773 | Lair:3   | Found a hole to the Spider Nest.
 19087 | Lair:3   | Killed Pegitz's ghost
 19353 | Lair:4   | Reached skill level 10 in Armour
 19492 | Lair:4   | Found a dark tunnel.
 19537 | Volcano  | Entered a volcano
 19878 | Volcano  | Reached XP level 14. HP: 80/80 MP: 13/28
 20054 | Volcano  | Found a radiant altar of Vehumet.
 20124 | Volcano  | Found a bloodstained altar of Trog.
 20211 | Lair:4   | Reached skill level 10 in Spellcasting
 20402 | Lair:4   | Found a runed translucent door.
 20403 | Lair:4   | Found a viscous altar of Jiyva.
 20406 | Lair:4   | Found a staircase to the Slime Pits.
 20536 | Lair:4   | Offered knowledge of Iskenderun's Mystic Blast by Vehumet.
 20601 | Lair:4   | Learned a level 5 spell: Freezing Cloud
 20610 | Lair:4   | Reached skill level 1 in Air Magic
 20700 | Lair:4   | Reached skill level 2 in Air Magic
 20755 | Lair:4   | Reached skill level 3 in Air Magic
 20956 | Lair:4   | Reached skill level 4 in Air Magic
 21081 | Lair:4   | Reached skill level 5 in Air Magic
 21341 | Lair:4   | Reached skill level 6 in Air Magic
 21621 | Lair:4   | Reached skill level 7 in Air Magic
 21822 | Lair:4   | Reached skill level 8 in Air Magic
 22570 | Lair:5   | Entered Level 5 of the Lair of Beasts
 22879 | Lair:5   | Noticed a dire elephant
 22881 | Lair:5   | Offered knowledge of Starburst by Vehumet.
 22892 | Lair:5   | Killed a dire elephant
 23275 | Lair:4   | Learned a level 6 spell: Starburst
 23390 | Lair:5   | Found a runed translucent gate.
 23390 | Lair:5   | Found a runed translucent gate.
 23390 | Lair:5   | Found a runed translucent gate.
 23391 | Lair:5   | Noticed riellis1's ghost (journeyman FoFi)
 23392 | Lair:5   | Noticed RussellQuine's ghost (journeyman MiBe)
 23751 | Lair:4   | Reached skill level 10 in Fighting
 23990 | Lair:4   | Reached XP level 15. HP: 92/92 MP: 13/30
 24089 | Lair:5   | Reached ****** piety under Vehumet
 24664 | Lair:5   | Found the +7 captain's cutlass {speed, disarm}
 24790 | Lair:5   | Killed riellis1's ghost
 25007 | Lair:5   | Killed RussellQuine's ghost
 25172 | Lair:5   | Identified the ring of Conflict {rElec rPois rC+ Stlth+}
 26614 | Lair:5   | Offered knowledge of Plasma Beam by Vehumet.
 26622 | Lair:5   | Learned a level 6 spell: Plasma Beam
 26717 | Lair:5   | Found a burning altar of Makhleb.
 26722 | Lair:5   | Found a gateway to Hell.
 26730 | Lair:5   | Got the Grimoire of the Glacier
 27203 | Lair:1   | Killed Gastronok
 27512 | D:10     | Killed Urug
 27513 | D:10     | Reached skill level 9 in Air Magic
 28004 | D:11     | Noticed Erolcha
 28129 | D:11     | Reached skill level 10 in Air Magic
 28204 | D:11     | Killed Erolcha
 29245 | D:12     | Found a staircase to the Orcish Mines.
 30978 | Lair:4   | Reached XP level 16. HP: 84/97 MP: 18/31
 30989 | Lair:4   | Identified the amulet "Faafeur" {Acrobat SInv}
 31007 | Lair:4   | Identified the ring "Ceoselue" {MP+9 Str+4 Slay+2}
 31185 | D:14     | Noticed Snorg
 31223 | D:14     | Found a gate to the Vaults.
 31225 | D:14     | Offered knowledge of Spellforged Servitor by Vehumet.
 31426 | D:14     | Found a portal to a secret trove of treasure.
 31571 | D:14     | Found a basalt altar of Yredelemnul.
 31574 | D:14     | Killed Snorg
 31892 | D:14     | Found an iron altar of Okawaru.
 32260 | D:15     | Entered Level 15 of the Dungeon
 32495 | D:14     | Reached skill level 15 in Dodging
 32692 | D:15     | Reached skill level 11 in Air Magic
 32892 | D:15     | Reached skill level 1 in Shields
 33085 | D:15     | Found a staircase to the Depths.
 33368 | D:15     | Found the dreamshard necklace {*Dream Drain}
 33515 | Orc:1    | Entered Level 1 of the Orcish Mines
 33890 | Orc:2    | Entered Level 2 of the Orcish Mines
 34039 | Orc:2    | Offered knowledge of Conjure Ball Lightning by Vehumet.
 34346 | Orc:2    | Learned a level 6 spell: Conjure Ball Lightning
 34806 | Orc:2    | Found Fufrak's Assorted Antiques.
 34806 | Orc:2    | Found Zygulyg's Book Shop.
 34807 | Orc:2    | Found Bukeox's Book Boutique.
 34810 | Orc:2    | Found Jinif's Weapon Boutique.
 34824 | Orc:2    | Bought a golden potion for 22 gold pieces
 35130 | Orc:2    | Found a staircase to the Elven Halls.
 35318 | Orc:2    | Bought a book of the Spheres for 972 gold pieces
 35328 | Orc:2    | Learned a level 7 spell: Orb of Destruction
 35477 | Shoals:1 | Entered Level 1 of the Shoals
 35545 | Shoals:1 | Found Guir's Distillery.
 35553 | Shoals:1 | Bought a potion of curing for 51 gold pieces
 35553 | Shoals:1 | Bought a potion of brilliance for 68 gold pieces
 35553 | Shoals:1 | Bought a potion of degeneration for 17 gold pieces
 35553 | Shoals:1 | Bought 2 potions of cancellation for 272 gold pieces
 35600 | Shoals:1 | Offered knowledge of Eringya's Noxious Bog by Vehumet.
 35729 | Shoals:1 | Noticed Kirke
 35739 | Shoals:1 | Killed Kirke
 35749 | Shoals:1 | Reached skill level 15 in Conjurations
 35856 | Shoals:1 | Reached XP level 17. HP: 102/102 MP: 24/33
 37474 | Shoals:2 | Found Acuhetou's Book Shop.
 37517 | Shoals:2 | Identified the +4 battleaxe "Qolanogu" {heavy, rF+ Dex+3}
 37781 | Shoals:2 | Found a runed translucent gate.
 37781 | Shoals:2 | Found a runed translucent gate.
 37781 | Shoals:2 | Found a runed translucent gate.
 37782 | Shoals:2 | Noticed Cedruin's ghost (adept DrAr)
 37859 | Shoals:2 | Identified a scroll of acquirement
 38043 | Shoals:2 | Killed Cedruin's ghost
 38610 | Shoals:3 | Acquired 469 gold pieces
 40014 | Shoals:4 | Entered Level 4 of the Shoals
 40042 | Shoals:4 | Noticed Mara
 40695 | Shoals:4 | Killed Mara
 41090 | Shoals:4 | Identified the +4 flail of the Spider {antimagic, rF+}
 41090 | Shoals:4 | Identified the +2 ring mail of Lilacs {Dex+2}
 41739 | Shoals:4 | Found a stormy altar of Qazlal.
 42190 | Shoals:4 | Reached XP level 18. HP: 107/107 MP: 24/34
 42518 | Shoals:4 | Offered knowledge of Shatter by Vehumet.
 42518 | Shoals:4 | Offered knowledge of Chain Lightning by Vehumet.
 42518 | Shoals:4 | Offered knowledge of Maxwell's Capacitive Coupling by
                  | Vehumet.
 43610 | Shoals:4 | Got the Vellum of Combative Heat
 43612 | Shoals:4 | Got a barnacled rune of Zot
 43914 | Spider:1 | Entered Level 1 of the Spider Nest
 44168 | Spider:1 | Reached skill level 15 in Armour
 47057 | Spider:3 | Noticed Arachne
 47304 | Spider:3 | Noticed Jorgrun
 47315 | Spider:3 | Killed Jorgrun
 47793 | Spider:3 | Noticed Asterion
 47796 | Spider:3 | Killed Asterion
 47822 | Spider:3 | Killed Arachne
 48923 | Spider:4 | Entered Level 4 of the Spider Nest
 49205 | Spider:4 | Reached XP level 19. HP: 98/116 MP: 23/37
 49548 | Spider:4 | Noticed Mlioglotl
 49555 | Spider:4 | Killed Mlioglotl
 50404 | Spider:4 | Found a runed translucent door.
 50404 | Spider:4 | Noticed Domipeul's ghost (journeyman MiBe)
 51461 | Spider:4 | Got a gossamer rune of Zot
 51695 | Spider:4 | Killed Domipeul's ghost
 52107 | Elf:1    | Entered Level 1 of the Elven Halls
 52254 | Elf:1    | Paralysed by an air elemental for 1 turns
 53038 | Elf:1    | Got Zoos's Anthology of Fulmination
 53154 | Elf:1    | Reached skill level 15 in Fighting
 53503 | Elf:1    | Found Plog's Distillery.
 53511 | Elf:1    | Bought a potion of heal wounds for 75 gold pieces
 53511 | Elf:1    | Bought a potion of curing for 45 gold pieces
 53511 | Elf:1    | Bought a potion of heal wounds for 75 gold pieces
 53511 | Elf:1    | Bought a potion of curing for 45 gold pieces
 53511 | Elf:1    | Bought a potion of resistance for 150 gold pieces
 54523 | Elf:2    | Found Tirev's Assorted Antiques.
 54533 | Elf:2    | Bought a potion of curing for 87 gold pieces
 54734 | Elf:2    | Found a runed translucent gate.
 54734 | Elf:2    | Found a runed translucent gate.
 54734 | Elf:2    | Found a runed translucent gate.
 55010 | Elf:2    | Reached skill level 12 in Air Magic
 55171 | Elf:2    | Learned a level 8 spell: Maxwell's Capacitive Coupling
 55223 | Elf:2    | Reached XP level 20. HP: 129/129 MP: 24/39
 55501 | Elf:2    | Reached skill level 13 in Air Magic
 56241 | Elf:3    | Entered Level 3 of the Elven Halls
 56400 | Elf:3    | Reached skill level 14 in Air Magic
 56901 | Elf:2    | Found Esaoxot's Book Shop.
 56994 | Elf:2    | Found Tick's Antique Armour Shoppe.
 57004 | Elf:2    | Reached skill level 15 in Air Magic
 57011 | Elf:2    | Bought the +4 Cigotuvi's embrace {Corpsefed rMiasma Drain
                  | rN+} for 690 gold pieces
 57011 | Elf:2    | Found the +4 Cigotuvi's embrace {Corpsefed rMiasma Drain
                  | rN+}
 57207 | Elf:3    | Identified the +8 morningstar of Floods {speed, rF+ rC+
                  | SInv Stlth+}
 57682 | Elf:3    | Reached skill level 16 in Air Magic
 58428 | Elf:3    | Identified the +1 scale mail of the Armoured One {*Slow
                  | rCorr Dex+6}
 58441 | Elf:3    | Reached skill level 17 in Air Magic
 58443 | Elf:3    | Identified the +2 great mace of the Thirsty Yaks {flame,
                  | *Rage rPois SInv}
 58511 | Elf:3    | Identified the +0 swamp dragon scales of the Morning Star
                  | {rPois Str+2}
 58511 | Elf:3    | Identified the ring "Kaomp" {Fly rF+ Str+3 Int-4 Dex+2
                  | SInv}
 58689 | Elf:3    | Identified the staff of air "Lucumoesch" {rElec rN+}
 58839 | Elf:3    | Identified the staff of fire "Tuidaraf" {Drain rF+ rC+ rN+}
 58863 | Elf:3    | Identified the staff of earth "Lelluyck" {rN+}
 58954 | Elf:3    | Got the Verses on Spectral Fire
 58955 | Elf:3    | Identified the +3 shortbow of Massacring {flame, rF+}
 59286 | Vaults:1 | Entered Level 1 of the Vaults
 59315 | Vaults:1 | Reached skill level 18 in Air Magic
 59341 | Vaults:1 | Identified the +11 war axe of Jaub {distort, Fly rElec rF+
                  | Int+2}
 60574 | Vaults:1 | Reached skill level 19 in Air Magic
 60815 | Vaults:1 | Reached XP level 21. HP: 118/119 MP: 28/40
 60964 | Vaults:1 | Identified the +1 robe "Jafaduf" {+Inv rElec rC+ Stlth+}
 61207 | Vaults:1 | Reached skill level 20 in Air Magic
 61548 | Vaults:1 | Noticed Donald
 61550 | Vaults:1 | Killed Donald
 61988 | Vaults:2 | Paralysed by a great orb of eyes for 4 turns
 62022 | Vaults:2 | Noticed Frederick
 62707 | Vaults:2 | Killed Frederick
 63444 | Vaults:2 | Reached skill level 15 in Spellcasting
 64277 | Vaults:2 | Reached skill level 21 in Air Magic
 64287 | Vaults:2 | Learned a level 9 spell: Chain Lightning
 64435 | Vaults:2 | Found Mawnayhu's Distillery.
 64443 | Vaults:2 | Bought a potion of heal wounds for 75 gold pieces
 64443 | Vaults:2 | Bought a potion of curing for 45 gold pieces
 64443 | Vaults:2 | Bought a potion of invisibility for 120 gold pieces
 64443 | Vaults:2 | Bought 2 potions of curing for 90 gold pieces
 64443 | Vaults:2 | Bought a potion of mutation for 120 gold pieces
 64443 | Vaults:2 | Bought a potion of resistance for 150 gold pieces
 64443 | Vaults:2 | Bought a potion of heal wounds for 75 gold pieces
 65149 | Vaults:3 | Reached XP level 22. HP: 140/140 MP: 33/42
 65377 | Vaults:3 | Reached skill level 22 in Air Magic
 65933 | Vaults:3 | Found a staircase to the Crypt.
 65933 | Vaults:3 | Found a basalt altar of Yredelemnul.
 65933 | Vaults:3 | Found an ancient bone altar of Kikubaaqudgha.
 66780 | Vaults:3 | Identified the +2 plate armour of the Scuffed God {rN+
                  | Str+4}
 66814 | Vaults:3 | Identified the +7 scimitar of Yrouhese {heavy, rElec rPois
                  | rC+}
 66930 | Vaults:3 | Identified the +0 ring mail of Midsummer {rCorr Str+5
                  | Int-5}
 67097 | Vaults:3 | Found Qunagguy's Weapon Emporium.
 67753 | Vaults:4 | Reached skill level 23 in Air Magic
 67825 | Vaults:4 | Found Kanusk's Distillery.
 67844 | Vaults:4 | Bought a potion of heal wounds for 75 gold pieces
 67844 | Vaults:4 | Bought a potion of might for 60 gold pieces
 67844 | Vaults:4 | Bought a potion of heal wounds for 75 gold pieces
 67844 | Vaults:4 | Bought a potion of haste for 150 gold pieces
 67844 | Vaults:4 | Bought a potion of might for 60 gold pieces
 67844 | Vaults:4 | Bought a potion of magic for 120 gold pieces
 67844 | Vaults:4 | Bought a potion of invisibility for 120 gold pieces
 68379 | Vaults:4 | Identified the ring "Xieroc" {Fire Str+3 Stlth+}
 69049 | Vaults:4 | Reached XP level 23. HP: 144/144 MP: 12/43
 69554 | Vaults:4 | Reached skill level 24 in Air Magic
 69825 | Vaults:4 | Identified the +4 rapier "Ultimatum" {heavy, Str+3 Dex+3}
 70397 | Crypt:1  | Entered Level 1 of the Crypt
 70642 | Crypt:1  | Noticed Jory
 70647 | Crypt:1  | Killed from afar by Jory

Illustrated notes

Levels and vault maps discovered:
D:1:      saegor_arrival_miasma, layout_loops_ring
D:2:      layout_loops_cross, serial_shops, shop, basic_altar
D:3:      layout_basic, general_overflow_altar
D:4:      layout_loops_corners, kennysheep_small_circle
D:5:      layout_basic, nicolae_hepliaklqana_ecumenical_no_more,
          kennysheep_orc_sif_temple, mainiacjoe_overflow_boulevard,
          minmay_temple_entry_glassed_door, uniq_edmund
D:6:      layout_rooms, mainiacjoe_overflow_tiny_flanked,
          kiku_gazebo_pond_becter, kennysheep_mini, uniq_duvessa
D:7:      layout_loops_cross, minmay_overflow_temple_star_quad,
          nicolae_uskayaw_murder_on_the_dancefloor, serial_rivers,
          chequers_serial_rivers_marsh, chequers_serial_rivers_marsh,
          chequers_serial_rivers_small_a, chequers_serial_rivers_large_b,
          chequers_serial_rivers_micro_c, chequers_serial_rivers_micro_a
D:8:      cheibrodos_steamvent, layout_loops_ring, lemuel_doored_altar,
          minmay_misc_feat_chi
D:9:      layout_roguey, nicolae_dithmenos_the_darkroom,
          minmay_unpleasant_kobolds, uniq_psyche
D:10:     layout_rooms, nicolae_gozag_cash_rules_everything_around_me,
          cheibrodos_ashenzari_chains, fedhas_bush_and_centaur_altar,
          lair_entry_dummy, amcnicky_mini_rare_corridor_liquid,
          serial_bayou_pond_d, uniq_urug
D:11:     layout_roguey [special_room_bee], serial_shops, shop, uniq_erolcha
D:12:     layout_rooms, kennysheep_orc_monster_closet_entryway
D:13:     layout_loops_corners, wad_dig_loot
D:14:     layout_basic, david_vaults_3,
          hellmonk_okawaru_the_only_friend_you_need, enter_trove_2,
          minivault_27, yredelemnul_altar_generic, uniq_snorg
D:15:     grunt_enter_depths_magical_seal, layout_basic, dreamdust_wishing_well
Temple:   nicolae_temple_two_arcs
Lair:1:   minmay_lair_venomous_thicket, layout_gridlike, serial_bayou_pond_a,
          grunt_megastairs_2, uniq_gastronok, uniq_maggie
Lair:2:   layout_chaotic_city, minmay_shoals_entry_centaurs, serial_rivers,
          chequers_serial_rivers_micro_c, chequers_serial_rivers_room_a,
          chequers_serial_rivers_micro_c, chequers_serial_rivers_micro_a,
          chequers_serial_rivers_small_b, portal_ice_cave_entry_ice_simulacra,
          dreamdust_wasp_nest, grunt_megastairs_1
Lair:3:   layout_gridlike, nicolae_spider_entry_non_spiders,
          ebering_ghost_inner_flame, lemuel_old_faithful, grunt_megastairs_4
Lair:4:   hangedman_what_comes_after_a, layout_regular_city, slime_entry_2,
          lightli_volcano_entry_magma_tube
Lair:5:   evil_forest, layout_cave_pods, gammafunk_ghost_cemetery
Shoals:1: cheibrodos_shoals_roost, layout_shoals, serial_shops, shop,
          st_cyclops, uniq_kirke
Shoals:2: layout_shoals, gammafunk_ghost_necromancy, nicolae_shoals_c_island
Shoals:3: layout_shoals
Shoals:4: shoals_end_hellmonk_storm_palace [storm_palace_center_square,
          storm_palace_corner_narrow, storm_palace_corner_blocked,
          storm_palace_corner_altar, storm_palace_corner_grid], uniq_mara
Spider:1: layout_chambers
Spider:2: layout_cave_pods
Spider:3: layout_cave_pods, uniq_asterion, uniq_jorgrun, uniq_arachne
Spider:4: grunt_spider_rune_circles, hellmonk_ghost_happy_afterlife,
          uniq_mlioglotl
Orc:1:    layout_caves
Orc:2:    st_orc_mages, layout_caves, basic_altar
Elf:1:    layout_geoelf_diagonals, serial_shops, shop, minmay_elf_annihilation,
          drop_trap
Elf:2:    elven_hall_of_blades_hangedman_original [nooodl_blade_entry_preview],
          layout_loops_cross, serial_shops, shop, shop, shop, chequers_big_river
Elf:3:    grunt_elf_hall_branching, layout_gridlike
Vaults:1: vaults_room_door_ring, nicolae_vaults_little_squares_1, v_misc_19,
          hangedman_vaults_unwind, vaults_room_fancy_cross,
          hangedman_vaults_impose, st_squares, grunt_vaults_trifunnel,
          hangedman_vaults_stagger, nicolae_vaults_closet_pinwheel_5, v_misc_17,
          nicolae_vaults_little_squares_2, vaults_room_grid, layout_vaults_maze,
          uniq_donald
Vaults:2: nicolae_vaults_quartermaster, nicolae_vaults_surprise_closet,
          vaults_standard_mumra_enter_the_diamond, nicolae_vaults_specimen_jars,
          nicolae_vaults_ring_of_whatevers, ontoclasm_vaults_chip,
          nicolae_vaults_big_angled_halls, v_alt_pattern_2,
          hangedman_vaults_hat, nicolae_vaults_house_3, layout_vaults_quadrants,
          serial_shops, nicolae_shop_tiny_glass, uniq_frederick
Vaults:3: nicolae_vaults_puzzle_piece, nicolae_vaults_puzzle_piece,
          grunt_vaults_hallway_short, minmay_crypt_entry_necro_gods,
          nicolae_vaults_twisting_passages, hangedman_vaults_pinch,
          nicolae_vaults_what_the_h, grunt_vaults_focal, grunt_vaults_funnel,
          nicolae_vaults_corridor_and_loot_room, nicolae_vaults_tetromino_L_2,
          nicolae_vaults_variable_pillar_hall_cross,
          nicolae_vaults_double_plus_1, layout_vaults_ring, serial_shops, shop
Vaults:4: nicolae_vaults_cochlea, nicolae_vaults_six-pack,
          nicolae_vaults_storage_closets_1, hangedman_vaults_maws,
          nicolae_vaults_lightning_bolt, nicolae_vaults_network_quinsquares
          [nicolae_vaults_network_quincunx_subvault,
          nicolae_vaults_network_quincunx_subvault,
          nicolae_vaults_network_quincunx_subvault,
          nicolae_vaults_network_quincunx_subvault], st_eye,
          nicolae_vaults_little_squares_3, vaults_dpeg_encased_lava,
          vaults_mumra_hex, dpeg_vaults_monster_box, v_misc_22,
          nicolae_vaults_diamond_1, nicolae_vaults_shelves_hall, v_misc_23,
          vaults_room_pool, layout_vaults_omnicross, serial_shops,
          nicolae_shop_statue_plus
Crypt:1:  layout_catacombs, special_room [special_room_morgue],
          serial_sigils_hangedman_shear, palyth_stone_intersect,
          minmay_misc_feat_columns, grunt_ministairs_14,
          grunt_crypt_arrival_webbed, grunt_megastairs_5, uniq_josephina,
          uniq_jory, uniq_boris

Skill      XL: |  1  2  3  4  5  6  7  8  9 10 11 12 13 14 15 16 17 18 19 20 21 22 23 |
---------------+----------------------------------------------------------------------+-----
Fighting       | 1 2 5 6 10 11 15 | 15.0
Conjurations   | 2 4 5 7 8 9 10 11 12 14 15 18 20 23 | 23.0
Ice Magic      | 1 3 4 |  4.0
Spellcasting   | 4 5 7 8 9 10 11 13 14 15 | 15.0
Short Blades   | 2 3 |  3.8
Dodging        | 4 6 9 10 12 13 15 | 15.0
Evocations     | 2 |  2.5
Fire Magic     | 7 9 10 13 | 13.0
Armour         | 5 10 13 15 | 15.0
Staves         | 4 5 |  5.2
Air Magic      | 8 10 11 12 19 21 23 24 | 24.9
Shields        | 3 |  3.7
Stealth        | |  2.0
Necromancy     | |  4.3

Action                     |  1- 3 |  4- 6 |  7- 9 | 10-12 | 13-15 | 16-18 | 19-21 | 22-24 || total
---------------------------+-------+-------+-------+-------+-------+-------+-------+-------++-------
  Melee: Unarmed           |     3 |    11 |       |       |       |       |       |       ||    14
         Kick              |     6 |    11 |    65 |    96 |   116 |    96 |    66 |     3 ||   459
         Peck              |     4 |     5 |    38 |    62 |    77 |    79 |    39 |     1 ||   305
         Dagger            |     6 |       |       |       |       |       |       |       ||     6
         Rapier            |    17 |    49 |   224 |   239 |       |       |       |       ||   529
         Punch             |       |       |     2 |     2 |     4 |     1 |       |       ||     9
         Staff             |       |       |       |    50 |   387 |   248 |   147 |     5 ||   837
  Throw: Dart              |     3 |     1 |    12 |     6 |    29 |     1 |       |       ||    52
         Throwing net      |       |       |       |       |       |       |     1 |       ||     1
   Cast: Necrotise         |    61 |    59 |    51 |       |       |       |       |       ||   171
         Hailstorm         |       |     2 |    60 |    55 |    46 |       |       |       ||   163
         Scorch            |       |       |       |   173 |   258 |    21 |       |       ||   452
         Fireball          |       |       |       |    31 |   132 |    46 |   130 |    45 ||   384
         Starburst         |       |       |       |       |    93 |   113 |    24 |     5 ||   235
         Plasma Beam       |       |       |       |       |    26 |   162 |   296 |   199 ||   683
         Freezing Cloud    |       |       |       |       |    12 |       |       |       ||    12
         Conjure Ball Ligh |       |       |       |       |       |    24 |     3 |       ||    27
         Orb of Destructio |       |       |       |       |       |   128 |    93 |    12 ||   233
         Apportation       |       |       |       |       |       |     1 |       |       ||     1
  Evoke: Wand              |       |       |    10 |    17 |     8 |     4 |     7 |     1 ||    47
         Phial of floods   |       |       |       |       |     1 |     1 |       |       ||     2
         Lightning rod     |       |       |       |       |       |     2 |       |       ||     2
    Use: Scroll            |     3 |     1 |     1 |    13 |     7 |    12 |     3 |       ||    40
         Potion            |       |     1 |       |     5 |     1 |     4 |       |       ||    11
   Stab: Sleeping          |     1 |     1 |     3 |     2 |       |       |       |       ||     7
 Armour: Robe              |     6 |     6 |    14 |    26 |       |       |       |       ||    52
         Skin              |       |    16 |       |   109 |       |       |       |       ||   125
         Steam dragon scal |       |       |       |     4 |       |       |       |       ||     4
         Swamp dragon scal |       |       |       |    18 |   175 |       |       |       ||   193
         Acid dragon scale |       |       |       |       |     1 |     5 |       |       ||     6
         Troll leather arm |       |       |       |       |       |    52 |    28 |     3 ||    83
         Leather armour    |       |       |       |       |       |       |     1 |       ||     1
  Dodge: Dodged            |    14 |    33 |   154 |   343 |   650 |   287 |   167 |    25 ||  1673
  Block: Buckler           |       |       |       |       |       |    71 |    53 |    10 ||   134
